 Dungeon Crawl Stone Soup version 0.30-b1-2-g02819fbbbe (webtiles) character file.

Game seed: 15584934700992675338

151 greggregreg the Trooper (level 5, -5/33 HPs)
             Began as a Gargoyle Monk on May 7, 2023.
             Slain by an ogre
             ... wielding a +0 giant spiked club
              (28 damage)
             ... on level 4 of the Dungeon.
             The game lasted 00:01:48 (2411 turns).

greggregreg the Trooper (Gargoyle Monk)             Turns: 2411, Time: 00:01:49

Health: -5/33      AC:  7    Str: 17    XL:     5   Next: 33%
Magic:  5/5        EV: 13    Int: 10    God:
Gold:   225        SH:  0    Dex: 14    Spells: 4/4 levels left

rFire   . . .        q - +3 spear "Wuafafic" {heavy, rPois rC- Dex+2}
rCold   x . .        d - orb {light}
rNeg    + . .        b - +0 robe
rPois   ∞            (no helmet)
rElec   +            (no cloak)
rCorr   .            (no gloves)
SInv    .            s - +0 pair of boots
Will    .....        (no amulet)
Stlth   +            (no ring)
HPRegen 0.25/turn    (no ring)
MPRegen 0.09/turn

%: no passive effects
@: glowing
A: sickness immunity, AC +4, negative energy resistance 1, electricity
resistance, torment resistance 1, petrification resistance
a: no special abilities


You were on level 4 of the Dungeon.
You visited 1 branch of the dungeon, and saw 4 of its levels.

You collected 225 gold pieces.

Inventory:

Hand Weapons
 a - a +0 spear
 q - the +3 spear "Wuafafic" (weapon) {heavy, rPois rC- Dex+2}
   (You found it on level 2 of the Dungeon)

   Dex:       It affects your dexterity (+2).
   rC:        It makes you vulnerable to cold.
   rPois:     It protects you from poison.
Armour
 b - a +0 robe (worn)
 d - an orb of light (worn)
 s - a +0 pair of boots (worn)
Jewellery
 e - a ring of magical power
Wands
 w - a wand of flame (18)
Scrolls
 g - a scroll of enchant weapon {unknown}
 i - a scroll of poison {unknown}
 k - a scroll of amnesia {unknown}
 l - a scroll of torment {unknown}
 o - a scroll of immolation {unknown}
 p - a scroll of summoning {unknown}
 r - a scroll of magic mapping {unknown}
 t - a scroll of noise {unknown}
 u - a scroll of identify {unknown}
Potions
 c - a potion of ambrosia
 f - 2 potions of mutation {unknown}
 h - 2 potions of magic {unknown}
 j - 2 potions of brilliance {unknown}
 m - 2 potions of lignification {unknown}
 n - a potion of curing {unknown}
 v - 2 potions of might {unknown}


   Skills:
 + Level 4.1 Fighting
 + Level 4.0 Polearms
 + Level 3.3 Dodging
 + Level 0.8 Stealth


You had 4 spell levels left.
You didn't know any spells.
Your spell library contained the following spells:

 Spells                   Type           Power      Damage    Failure   Level
 Slow                     Hex            0%         N/A       36%         1
 Confusing Touch          Hex            0%         N/A       75%         3
 Vampiric Draining        Necr           0%         2d6       75%         3


Dungeon Overview and Level Annotations

Branches:
Dungeon (4/15)
 Temple: D:4-7

Altars:
Makhleb


Innate Abilities, Weirdness & Mutations

You are immune to sickness and miasma.
Your stone body is resilient. (AC +4)
You are immune to poison.
You resist negative energy. (rN+)
You are resistant to electric shocks. (rElec)
You are resistant to unholy torment.
You are immune to petrification.


Message History

An adder is nearby!
An adder is nearby!
You hit the adder.
The adder is moderately wounded.
The adder barely misses you. The adder bites you but does no damage.
An adder is nearby!
You puncture the adder!
You kill the adder!
v - 2 cyan potions No target in view!
w - a wand of flame (18) No target in view!
f - 2 glowing golden potions (gained 1)
An ogre comes into view. It is wielding a +0 giant spiked club.
The ogre shouts!
You reach to attack!
You completely miss the ogre.
An ogre is nearby!
An ogre is nearby!
You hit the ogre.
The ogre is lightly wounded.
The ogre completely misses you.
An ogre is nearby!
You puncture the ogre!
The ogre is moderately wounded.
The ogre barely misses you.
An ogre is nearby!
You puncture the ogre!
The ogre is almost dead.
The ogre hits you with a +0 giant spiked club!
An ogre is nearby!
An ogre is nearby!
You barely miss the ogre.
The ogre is almost dead.
The ogre closely misses you.
An ogre is nearby!
You completely miss the ogre.
The ogre is almost dead.
The ogre hits you with a +0 giant spiked club!!
Ouch! That really hurt!
You die...

#.## ##..
#####..###.... ##
.......#...# ..#
#.........# .# ..
#.......## !.. ##.
#........# ....#..##
#..<.....# ......#.#
#........#
......O@#####.......##
###...#..##........^.#
#.. #...#..........#
#. ##......#.....## #
##............#
###...........#
##....#......#
##.#.#....###
#####...##


You could see an ogre.

Vanquished Creatures
  Jessica (D:3)
  6 adders
  2 worms (D:2)
  2 dart slugs (D:3)
  An orc (D:3)
  6 endoplasms
  A giant cockroach (D:2)
  8 goblins
  7 hobgoblins
  2 jackals (D:3)
  6 kobolds
  3 quokkas
  4 ball pythons
  4 bats
  3 frilled lizards
  6 rats
62 creatures vanquished.

Notes
Turn   | Place    | Note
-------+----------+-------------------------------------------
     0 | D:1      | greggregreg the Gargoyle Monk began the quest for the Orb.
     0 | D:1      | Reached XP level 1. HP: 14/14 MP: 1/1
   106 | D:1      | Reached XP level 2. HP: 19/19 MP: 2/2
   907 | D:1      | Reached XP level 3. HP: 24/24 MP: 3/3
  1250 | D:2      | Identified the +3 spear "Wuafafic" {heavy, rPois rC- Dex+2}
  1263 | D:2      | Reached XP level 4. HP: 29/29 MP: 4/4
  1981 | D:3      | Found a burning altar of Makhleb.
  1999 | D:3      | Noticed Jessica
  2005 | D:3      | Killed Jessica
  2056 | D:3      | Reached XP level 5. HP: 33/33 MP: 5/5
  2405 | D:4      | Noticed an ogre
  2411 | D:4      | Slain by an ogre

Illustrated notes

Levels and vault maps discovered:
D:1:      shiori_shiawase, layout_basic, chequers_mini_garden,
          dreamdust_mushroom_princess, minmay_misc_feat_enclosed
D:2:      layout_basic
D:3:      minmay_wonky_spiral, layout_basic, bloody_makhleb,
          grunt_ministairs_12, dk_noncrumbling_3, uniq_jessica
D:4:      layout_cave_pools

Skill      XL: |  1  2  3  4  5 |
---------------+----------------+-----
Polearms       | 3 4 |  4.0
Dodging        | 3 |  3.3
Fighting       | 4 |  4.1
Stealth        | |  0.8

Action                     |  1- 3 |  4- 6 || total
---------------------------+-------+-------++-------
  Melee: Spear             |   113 |    71 ||   184
 Armour: Robe              |    18 |    13 ||    31
  Dodge: Dodged            |    38 |    36 ||    74
